 Dungeon Crawl Stone Soup version 0.30.1-9-gdf580d7c3d (webtiles) character file.

Game seed: 892529716920917938

86 lonewolfV2 the Chopper (level 4, -1/61 HPs)
             Began as a Gnoll Berserker on Oct 13, 2023.
             Was a Believer of Trog.
             Slain by an iguana (7 damage)
             ... on level 4 of the Dungeon.
             The game lasted 00:03:06 (2254 turns).

lonewolfV2 the Chopper (Gnoll Berserker)            Turns: 2254, Time: 00:03:07

Health: -1/61      AC:  7    Str: 18    XL:     4   Next: 49%
Magic:  14/14      EV: 12    Int:  7    God:    Trog [**....]
Gold:   156        SH:  0    Dex: 11    Spells: 5/5 levels left

rFire   . . .        a - +0 hand axe
rCold   . . .        (no shield)
rNeg    . . .        j - +1 ring mail
rPois   .            (no helmet)
rElec   .            (no cloak)
rCorr   .            (no gloves)
SInv    .            (no boots)
Will    ++...        (no amulet) Stlth
                     d - ring of magical power
HPRegen 1.30/turn    (no ring)
MPRegen 0.14/turn

%: no passive effects
@: berserking, strong-willed, regenerating, very quick
A: fangs 1, strong nose, distributed training
a: Renounce Religion, Berserk, Trog's Hand


You were on level 4 of the Dungeon.
You worshipped Trog.
Trog was pleased with you.
You visited 1 branch of the dungeon, and saw 4 of its levels.

You collected 156 gold pieces.

Inventory:

Hand Weapons
 a - a +0 hand axe (weapon)
Armour
 b - a +0 animal skin
 j - a +1 ring mail (worn)
Jewellery
 d - a ring of magical power (left hand)
 g - a ring of poison resistance
Scrolls
 c - a scroll of vulnerability
 f - a scroll of teleportation
 k - a scroll of enchant armour
 m - a scroll of blinking
Potions
 e - 2 potions of curing
 h - a potion of cancellation {unknown}
 i - a potion of flight
 l - a potion of might {unknown}


   Skills:
 + Level 6.6 Fighting
 + Level 1.2 Short Blades
 + Level 1.2 Long Blades
 + Level 6.6 Axes
 + Level 1.2 Maces & Flails
 + Level 1.2 Polearms
 + Level 1.2 Staves
 + Level 1.2 Ranged Weapons
 + Level 1.2 Throwing
 + Level 4.6 Armour
 + Level 4.6 Dodging
 + Level 1.2 Stealth
 + Level 1.2 Shields
 + Level 1.2 Unarmed Combat
 + Level 1.2 Spellcasting
 + Level 1.0 Conjurations
 + Level 1.0 Hexes
 + Level 1.0 Summonings
 + Level 1.0 Necromancy
 + Level 1.0 Translocations
 + Level 1.0 Transmutations
 + Level 1.0 Fire Magic
 + Level 1.0 Ice Magic
 + Level 1.0 Air Magic
 + Level 1.0 Earth Magic
 + Level 1.0 Poison Magic
 + Level 1.3 Invocations
 + Level 1.2 Evocations


You had 5 spell levels left.
You didn't know any spells.
Your spell library was empty.

Dungeon Overview and Level Annotations

Branches:
Dungeon (4/15)
 Temple: D:4-7

Altars:
Wu Jian


Innate Abilities, Weirdness & Mutations

You have very sharp teeth.
Your uncanny sense of smell can sniff out nearby items.
Your experience applies equally to all skills.


Message History

You hit the giant cockroach but do no damage.
The giant cockroach barely misses you.
You hit the giant cockroach but do no damage.
The giant cockroach bites you but does no damage.
The orc wizard mumbles some strange words.
The orc wizard flickers and vanishes!
Deactivating autopickup; reactivate with Ctrl-A.
The giant cockroach bites you but does no damage.
Unknown command.
You hit the giant cockroach.
The giant cockroach is moderately wounded.
You hit the iguana but do no damage. The iguana barely misses you.
The giant cockroach barely misses you.
You hit the giant cockroach.
The giant cockroach is severely wounded.
You barely miss the orc priest. You hit the iguana.
The orc priest invokes the aid of Beogh against you.
Pain shoots through your body! The iguana bites you!
The giant cockroach bites you but does no damage.
Unknown command.
Your skin crawls.
You feel strong-willed.
A ball python comes into view.
The iguana barely misses you. The giant cockroach closely misses you.
You completely miss the orc priest.
The ball python hisses angrily.
You hit the orc priest. You hit the giant cockroach.
You closely miss the iguana.
The orc priest calls down the wrath of Beogh upon you.
Beogh smites you!
* * * LOW HITPOINT WARNING * * *
The orc priest hits you but does no damage.
The giant cockroach barely misses you. The iguana bites you.
* * * LOW HITPOINT WARNING * * *
A red film seems to cover your vision as you go berserk!
You feel yourself moving faster!
You feel mighty!
The giant cockroach bites you but does no damage.
The orc priest hits you but does no damage.
The iguana bites you!
You die...

##......## #
###........###
##..........#..
#..............
##.............
##............
############...........>
......oo................
...>.oB@...........<....
......l.................
....[...................
..S........#########....
............. #####
...##..#.#.#.. ###
#.......... #..#.#.#..#


You could see an iguana, 2 orc priests, an orc, a giant cockroach and a ball
python.

Vanquished Creatures
  Robin (D:2)
  2 dart slugs (D:2)
  2 worms (D:2)
  2 orcs (D:3)
  4 ball pythons
  An endoplasm (D:1)
  3 giant cockroaches
  15 goblins
  8 hobgoblins
  A jackal (D:1)
  7 kobolds
  A quokka (D:3)
  5 bats
  4 rats (D:1)
56 creatures vanquished.

Notes
Turn   | Place    | Note
-------+----------+-------------------------------------------
     0 | D:1      | lonewolfV2 the Gnoll Berserker began the quest for the Orb.
     0 | D:1      | Reached XP level 1. HP: 23/23 MP: 1/1
    72 | D:1      | Reached XP level 2. HP: 19/29 MP: 2/2
   420 | D:1      | Reached ** piety under Trog
   480 | D:1      | Reached XP level 3. HP: 35/35 MP: 3/3
   785 | D:2      | Noticed Robin
   799 | D:2      | Killed Robin
   800 | D:2      | Reached skill level 1 in Invocations
   801 | D:2      | Reached skill level 1 in Short Blades
   801 | D:2      | Reached skill level 1 in Long Blades
   801 | D:2      | Reached skill level 1 in Maces & Flails
   801 | D:2      | Reached skill level 1 in Polearms
   801 | D:2      | Reached skill level 1 in Staves
   801 | D:2      | Reached skill level 1 in Ranged Weapons
   801 | D:2      | Reached skill level 1 in Throwing
   801 | D:2      | Reached skill level 1 in Stealth
   801 | D:2      | Reached skill level 1 in Shields
   801 | D:2      | Reached skill level 1 in Unarmed Combat
   801 | D:2      | Reached skill level 1 in Spellcasting
   801 | D:2      | Reached skill level 1 in Evocations
   882 | D:2      | Reached XP level 4. HP: 41/41 MP: 5/5
  1098 | D:2      | Found an ornate altar of the Wu Jian Council.
  1627 | D:3      | Reached skill level 1 in Conjurations
  1627 | D:3      | Reached skill level 1 in Hexes
  1627 | D:3      | Reached skill level 1 in Summonings
  1627 | D:3      | Reached skill level 1 in Necromancy
  1627 | D:3      | Reached skill level 1 in Translocations
  1627 | D:3      | Reached skill level 1 in Transmutations
  1627 | D:3      | Reached skill level 1 in Fire Magic
  1627 | D:3      | Reached skill level 1 in Ice Magic
  1627 | D:3      | Reached skill level 1 in Air Magic
  1627 | D:3      | Reached skill level 1 in Earth Magic
  1627 | D:3      | Reached skill level 1 in Poison Magic
  2254 | D:4      | Slain by an iguana

Illustrated notes

Levels and vault maps discovered:
D:1:      evilmike_arrival_rings, layout_rooms, minmay_surrounded
D:2:      layout_loops_ring, basic_altar, uniq_robin
D:3:      layout_basic, serial_corexii_hall, corexii_hall_statues_l,
          chequers_hall_statues_corner_a, chequers_hall_statues_y,
          chequers_hall_statues_corner_a, kennysheep_generic_room_4
D:4:      layout_cave_pods, hellmonk_okawaru_the_only_friend_you_need,
          minmay_temple_entry_nine_rooms, serial_glass, glass_columns_a,
          glass_columns_b

Skill      XL: |  1  2  3  4 |
---------------+-------------+-----
Invocations    | 1 |  1.3
Short Blades   | 1 |  1.2
Long Blades    | 1 |  1.2
Maces & Flails | 1 |  1.2
Polearms       | 1 |  1.2
Staves         | 1 |  1.2
Ranged Weapons | 1 |  1.2
Throwing       | 1 |  1.2
Stealth        | 1 |  1.2
Shields        | 1 |  1.2
Unarmed Combat | 1 |  1.2
Spellcasting   | 1 |  1.2
Evocations     | 1 |  1.2
Conjurations   | 1 |  1.0
Hexes          | 1 |  1.0
Summonings     | 1 |  1.0
Necromancy     | 1 |  1.0
Translocations | 1 |  1.0
Transmutations | 1 |  1.0
Fire Magic     | 1 |  1.0
Ice Magic      | 1 |  1.0
Air Magic      | 1 |  1.0
Earth Magic    | 1 |  1.0
Poison Magic   | 1 |  1.0
Fighting       | |  6.6
Axes           | |  6.6
Armour         | |  4.6
Dodging        | |  4.6

Action                     |  1- 3 |  4- 6 || total
---------------------------+-------+-------++-------
  Melee: Hand axe          |    91 |    58 ||   149
         Bite              |     6 |     9 ||    15
         Punch             |       |     3 ||     3
 Invoke: Trog's Hand       |     1 |     1 ||     2
         Berserk           |       |     1 ||     1
    Use: Scroll            |     4 |     5 ||     9
 Armour: Animal skin       |    21 |       ||    21
         Ring mail         |    15 |    31 ||    46
  Dodge: Dodged            |    72 |    41 ||   113
